 Dungeon Crawl Stone Soup version 0.16-a0-4099-g0be755f (webtiles) character file.

100 toofou the Firebug (level 4, 0/28 HPs)
             Began as a High Elf Fire Elementalist on Feb 25, 2015.
             Succumbed to a goblin's poison
             ... on level 2 of the Dungeon.
             The game lasted 00:19:22 (3192 turns).

toofou the Firebug (High Elf Fire Elementalist)     Turns: 3192, Time: 00:19:23

Health: 0/28       AC:  2    Str:  7    XL:     4   Next: 47%
Magic:  12/12      EV: 13    Int: 20    God:
Gold:   78         SH:  0    Dex: 15    Spells: 3 memorised, 3 levels left

rFire  . . .     SeeInvis .     c - +0 flail
rCold  . . .     Clarity  .     a - +0 robe
rNeg   . . .     SustAb   .     (no shield)
rPois  .         Gourm    .     (no helmet)
rElec  .         Spirit   .     (no cloak)
rCorr  .         Warding  .     (no gloves)
rMut   .         Stasis   .     (no boots)
MR     .....                    (no amulet)
Stlth  ++........               (no ring)
                                (no ring)

@: lethally poisoned (0 -> -26), not resistant to hostile enchantments,
unstealthy
A: no striking features
a: no special abilities


You were on level 2 of the Dungeon.
You were not hungry.

You visited 1 branch of the dungeon, and saw 2 of its levels.

You collected 78 gold pieces.

Inventory:

Hand weapons
 c - a +0 flail (weapon)
 q - a +2 whip of holy wrath
Armour
 a - a +0 robe (worn)
Jewellery
 n - a +3 ring of strength {unknown}
Scrolls
 e - a scroll of recharging {unknown}
 h - a scroll of noise {unknown}
 k - a scroll of immolation {unknown}
 l - a scroll of identify {unknown}
 o - 2 scrolls of teleportation {unknown}
 p - 2 scrolls of remove curse {unknown}
Potions
 d - a potion of curing {unknown}
 g - 3 potions of heal wounds {unknown}
 i - a potion of haste {unknown}
 j - 2 potions of might {unknown}
 m - a potion of cure mutation {unknown}
Books
 b - a book of Flames

   Spells                             Type                      Level
   a - Flame Tongue                   Conjuration/Fire             1
   b - Throw Flame                    Conjuration/Fire             2
   c - Conjure Flame                  Conjuration/Fire             3
   d - Inner Flame                    Hexes/Fire                   3
   e - Sticky Flame                   Conjuration/Fire             4
   f - Fireball                       Conjuration/Fire             5
Comestibles
 f - a royal jelly
 r - a slice of pizza


   Skills:
 + Level 1.1 Fighting
 * Level 1.2 Maces & Flails
 + Level 3.1 Dodging
 + Level 2.1 Stealth
 - Level 0.2 Unarmed Combat
 + Level 3.0 Spellcasting
 + Level 1.7 Conjurations
 + Level 3.5 Fire Magic


You had 3 spell levels left.
You knew the following spells:

 Your Spells              Type           Power        Failure   Level  Hunger
a - Flame Tongue          Conj/Fire      ##...        6%          1    None
b - Throw Flame           Conj/Fire      ##....       10%         2    ##.....
c - Conjure Flame         Conj/Fire      ##......     17%         3    ###....


Dungeon Overview and Level Annotations

Branches:
Dungeon (2/15)

Altars:


Message History

You feel sick. The goblin barely misses you.
The goblin hits you with a rapier of venom.
You are lethally poisoned!
You barely miss the goblin.
The goblin is almost dead.
You feel sick.
The goblin hits you with a rapier of venom.
You are more poisoned.
You thump the goblin!
You kill the goblin!
* * * LOW HITPOINT WARNING * * *
You feel very sick.
* * * LOW HITPOINT WARNING * * *
You feel sick.
Things that are here:
a rapier of venom; 8 gold pieces; a goblin corpse
* * * LOW HITPOINT WARNING * * *
You feel very sick.
A goblin comes into view. It is wielding a dagger.
You die...

........................# #....
).....#.#.............### #.###
.#.####.#.######.############.#..
.#.####.......................#.#
.................................
##............###.#####.#####.#.#
.######.......# #.## #.# #.#..
.######.......###..####.#####.###
................@.............# #
#.#####.......####.####.####### #
#.# #.........# #.## #.# # #.#
#.#.......# #..# #.# #
#.###.##......# ##.###.##### #
..............# #.#.......# #
....#.#.......# #.#.......# #
....#.#.......# #g#.......#####
....#.#.......# #.#.......#....


There were no monsters in sight!

Vanquished Creatures
  2 adders (D:2)
  3 gnolls (D:2)
  A worm (D:2)
  A giant gecko (D:1)
  An ooze (D:1)
  9 bats
  2 giant cockroaches (D:1)
  7 goblins
  4 hobgoblins (D:1)
  A jackal (D:1)
  7 kobolds
  2 giant newts (D:1)
  4 rats (D:1)
44 creatures vanquished.

Notes
Turn   | Place    | Note
--------------------------------------------------------------
     0 | D:1      | toofou, the High Elf Fire Elementalist, began the quest for the Orb.
     0 | D:1      | Reached XP level 1. HP: 11/11 MP: 4/4
   521 | D:1      | Reached XP level 2. HP: 17/17 MP: 1/6
   535 | D:1      | Learned a level 2 spell: Throw Flame
  1604 | D:1      | Reached XP level 3. HP: 22/22 MP: 2/8
  2078 | D:2      | Reached skill level 1 in Fighting
  2118 | D:2      | Reached skill level 1 in Maces & Flails
  2178 | D:2      | Reached XP level 4. HP: 26/28 MP: 2/11
  3046 | D:2      | Learned a level 3 spell: Conjure Flame
  3192 | D:2      | Succumbed to a goblin's poison

Action                   |  1- 3 |  4- 6 || total
-------------------------+-------+-------++-------
Melee: Unarmed           |    31 |       ||    31
       Club              |    70 |       ||    70
       Flail             |       |    18 ||    18
 Cast: Flame Tongue      |    40 |    13 ||    53
       Throw Flame       |    24 |     3 ||    27
  Eat: Bread ration      |     1 |     1 ||     2
